AoeStats
← willrhyd

Arena

508940060Analyzed
4v4 RM · 7d ago on Sep 24, 2026· 41m 27s· 8 players
Game mode
Random Map
Map size
Large (8 player)
Population
200
Speed
Normal
Resources
Standard
Victory
Conquest
Starting age
Dark Age
Ending age
Imperial Age
RankedLock teamsTeams togetherTeam positionsShared explorationLock speedFull tech treeHidden civsTurbo modeCheats
Victory
Defeat
🇬🇧 Teutons · United Kingdom
1414
+15
🇷🇺 Italians · Russia
1409
+16
🇩🇪 Danes · Germany
1403
+16
🇨🇳 Varangians · China
1381
+17
🇨🇦 Mongols · Canada
1446
-17
🇲🇽 Teutons · Mexico
1439
-18
🇮🇳 Persians · India
1371
-15
🇵🇪 Japanese · Peru
1349
-14
viddie
10:41 Feudal Age
11:32 Double-Bit Axe
14:24 Castle Age
13:02 Horse Collar
14:24 Wheelbarrow
15:23 Bow Saw
15:13 Heavy Plow
23:50 Loom
24:35 Gold Mining
25:05 Town Watch
29:30 Imperial Age
28:12 Gold Shaft Mining
27:30 Stone Mining
28:05 Fletching
28:15 Padded Archer Armor
28:43 Bodkin Arrow
29:22 Thumb Ring
29:57 Leather Archer Armor
30:11 Ballistics
30:33 Bracer
31:44 Conscription
32:31 Ring Archer Armor
32:15 Cranequins
33:10 Bloodlines
33:00 Husbandry
33:01 Capped Ram
34:52 Chemistry
34:04 Heavy Mounted Crossbowman
34:57 Pikeman
35:37 Squires
35:53 Halberdier
37:25 Forging
37:15 Scale Mail Armor
40:50 Hand Cart
40:36 Scale Mail Armor
40:47 Forging
willrhyd
11:52 Feudal Age
15:46 Castle Age
14:01 Double-Bit Axe
15:03 Fletching
16:05 Horse Collar
17:00 Bow Saw
22:50 Loom
24:43 Gold Mining
30:50 Imperial Age
29:43 Wheelbarrow
29:48 Bodkin Arrow
30:24 Scale Mail Armor
30:35 Forging
30:51 Ballistics
31:10 Hand Cart
30:16 Pikeman
30:59 Squires
31:16 Halberdier
32:47 Chain Mail Armor
33:35 Heavy Plow
34:43 Chemistry
38:14 Plate Mail Armor
38:19 Iron Casting
38:35 Conscription
40:03 Town Watch
41:59 Siege Engineers
42:04 Masonry
Finch
7:15 Loom
9:53 Feudal Age
13:37 Double-Bit Axe
13:33 Horse Collar
15:09 Fletching
19:44 Wheelbarrow
24:01 Castle Age
21:59 Stone Mining
22:13 Gold Mining
25:52 Bodkin Arrow
25:58 Padded Archer Armor
26:15 Bow Saw
28:41 Imperial Age
26:56 Padded Archer Armor
28:12 Leather Archer Armor
28:31 Ballistics
30:44 Chemistry
34:44 Bracer
39:31 Conscription
N_ANI
9:07 Loom
10:55 Feudal Age
14:26 Castle Age
12:15 Double-Bit Axe
12:26 Horse Collar
15:21 Bow Saw
15:47 Wheelbarrow
18:32 Loom
21:23 Heavy Plow
23:04 Loom
23:07 Town Watch
25:27 Forging
25:22 Scale Barding Armor
26:06 Hand Cart
26:55 Hand Cart
29:32 Imperial Age
27:18 Hand Cart
27:07 Town Patrol
28:38 Iron Casting
28:23 Chain Barding Armor
29:06 Bloodlines
28:56 Husbandry
31:05 Gold Mining
31:06 Stone Mining
32:31 Blast Furnace
33:14 Two-Man Saw
35:17 Plate Barding Armor
36:04 Conscription
35:38 Elite Jarl
37:35 Scale Mail Armor
37:33 Vendel Legacy
39:45 Squires
39:51 Gothikon
41:14 Chain Mail Armor
41:15 Elite Varangian Guard
41:41 Arson
BUCKFUTTER
11:58 Feudal Age
12:34 Double-Bit Axe
12:30 Horse Collar
15:31 Castle Age
16:34 Bow Saw
16:25 Heavy Plow
19:37 Loom
20:33 Wheelbarrow
23:52 Stone Mining
23:53 Gold Mining
29:07 Imperial Age
26:40 Fletching
28:03 Hand Cart
27:33 Town Watch
27:45 Bodkin Arrow
27:51 Padded Archer Armor
28:46 Stone Shaft Mining
28:42 Ballistics
28:34 Masonry
30:24 Siege Engineers
31:20 Chemistry
33:01 Hoardings
32:58 Bracer
33:13 Leather Archer Armor
33:10 Elite Skirmisher
34:20 Thumb Ring
37:29 Parthian Tactics
37:12 Scale Barding Armor
37:18 Forging
38:52 Light Cavalry
39:43 Bloodlines
39:33 Husbandry
TheHornyGuy
6:27 Loom
8:45 Feudal Age
13:40 Fletching
26:05 Castle Age
25:21 Horse Collar
27:47 Bodkin Arrow
29:01 Double-Bit Axe
33:11 Imperial Age
31:26 Town Watch
31:54 Bow Saw
33:11 Gold Mining
33:48 Guard Tower
34:18 Ballistics
36:18 Forging
36:42 Ballistics
38:08 Iron Casting
snek_fan
9:44 Feudal Age
13:58 Castle Age
12:11 Double-Bit Axe
12:10 Horse Collar
16:32 Loom
21:54 Wheelbarrow
22:04 Bow Saw
22:17 Gold Mining
26:23 Imperial Age
24:45 Bloodlines
24:40 Town Watch
25:50 Scale Barding Armor
25:50 Heavy Plow
26:16 Forging
26:11 Husbandry
27:30 Chain Barding Armor
28:18 Chemistry
27:19 Cavalier
29:31 Plate Barding Armor
30:45 Hand Cart
30:38 Fletching
33:55 Conscription
34:43 Gold Shaft Mining
34:34 Savar
36:46 Iron Casting
38:49 Bodkin Arrow
39:25 Masonry
kraquen
10:38 Feudal Age
15:13 Castle Age
14:01 Double-Bit Axe
14:01 Horse Collar
15:01 Loom
22:51 Scale Mail Armor
25:25 Forging
29:05 Chain Mail Armor
33:33 Imperial Age
32:51 Fletching
34:50 Wheelbarrow
34:03 Capped Ram
34:48 Padded Archer Armor
35:53 Leather Archer Armor
35:36 Bodkin Arrow
37:41 Thumb Ring
37:56 Elite Skirmisher
39:34 Bracer
39:35 Crossbowman
41:29 Leather Archer Armor
Connection lost

Rejoining the realm…

Still unreachable

The connection could not be restored.

Session expired

The server has moved on; the page needs a fresh start.